 Dungeon Crawl Stone Soup version 0.27-a0-1572-gacd6f1ce93 (webtiles) character file.

Game seed: 751129289250570505

17046 Brozuf the Merchant of Misery (level 12, -6/94 HPs)
             Began as a Demonspawn Necromancer on July 17, 2021.
             Was a Believer of Kikubaaqudgha.
             Mangled by a freezing wraith (19 damage)
             ... on level 1 of the Lair of Beasts.
             The game lasted 00:52:53 (18727 turns).

Brozuf the Merchant of Misery (DsNe)               Turns: 18727, Time: 00:52:53

Health: -6/94      AC: 17    Str: 11    XL:     12   Next: 15%
Magic:  29/33      EV: 12    Int: 25    God:    Kikubaaqudgha [**....]
Gold:   247        SH:  8    Dex: 23    Spells: 11/27 levels left

rFire    + + +     SeeInvis .   s - +0 short sword (elec)
rCold    . . .     Faith    .   e - +2 buckler of Greed {Contam Will++ Str+4 Dex+9}
rNeg     + . .     Spirit   .   y - +1 ring mail of Divine Compulsion {rPois}
rPois    +         Reflect  .   R - +0 hat {Will+}
rElec    .         Harm     .   p - scarf {repulsion}
rCorr    +         Rampage  .   H - +0 pair of gloves
Will     +++..                  C - +0 pair of boots of Idealism {rF+++ Str-3 Int+5 Stlth-}
Stlth    +.........             n - amulet of the acrobat
HPRegen  0.25/turn              o - ring of Nuprev {rN+ MP+9}
MPRegen  0.23/turn              q - +4 ring of protection

@: repel missiles
A: antennae 2, yellow scales 3, powered by death 2
a: Renounce Religion, Receive Corpses


You were on level 1 of the Lair of Beasts.
You worshipped Kikubaaqudgha.
Kikubaaqudgha was pleased with you.
You visited 3 branches of the dungeon, and saw 13 of its levels.
You also visited: Ossuary and Ice Cave.

You collected 430 gold pieces.
You spent 183 gold pieces at shops.

Inventory:

Hand Weapons
 a - the +7 mace of Insufficient Pleasure {pain, rC++ Will+}
   (You found it on level 4 of the Dungeon)

   In the hands of one skilled in necromantic magic, it inflicts extra damage on
   living creatures.
   rC:        It greatly protects you from cold.
   Will:      It increases your willpower.
 l - a +0 spear of venom
   (You took it off a gnoll on level 6 of the Dungeon)
 s - a +0 short sword of electrocution (weapon)
   (You took it off an orc on level 7 of the Dungeon)
Missiles
 c - 2 throwing nets {!f}
 M - 5 atropa-tipped darts
Armour
 e - the +2 buckler of Greed (worn) {Contam Will++ Str+4 Dex+9}
   (You found it on level 10 of the Dungeon)

   Str:       It affects your strength (+4).
   Dex:       It affects your dexterity (+9).
   Contam:    It causes magical contamination when unequipped.
   Will:      It greatly increases your willpower.
 p - a scarf of repulsion (worn)
   (You found it on level 1 of the Dungeon)
 y - the +1 ring mail of Divine Compulsion (worn) {rPois}
   (You found it on level 5 of the Dungeon)

   rPois:     It protects you from poison.
 C - the +0 pair of boots of Idealism (worn) {rF+++ Str-3 Int+5 Stlth-}
   (You acquired it on level 8 of the Dungeon)

   Str:       It affects your strength (-3).
   Int:       It affects your intelligence (+5).
   rF:        It renders you almost immune to fire.
   Stlth:     It makes you less stealthy.
 H - a +0 pair of gloves (worn)
   (You found it on level 9 of the Dungeon)
 I - +0 steam dragon scales
   (You found it on level 9 of the Dungeon)
 R - a +0 hat of willpower (worn)
   (You took it off Gastronok on level 1 of the Lair of Beasts)
Magical Staves
 b - a staff of death
   (You found it on level 10 of the Dungeon)
Jewellery
 i - a +6 ring of strength
   (You found it on level 1 of the Dungeon)
 n - an amulet of the acrobat (around neck)
   (You found it on level 8 of the Dungeon)
 o - the ring of Nuprev (left hand) {rN+ MP+9}
   (You acquired it on level 4 of the Dungeon)

   [ring of magical power]

   rN:        It protects you from negative energy.
   MP:        It affects your magic capacity (+9).
 q - a +4 ring of protection (right hand)
   (You took it off a goblin on level 3 of the Dungeon)
 z - a ring of see invisible
   (You found it on level 7 of the Dungeon)
 B - a ring of flight
   (You found it on level 8 of the Dungeon)
Wands
 d - a wand of iceblast (20)
   (You found it on level 3 of the Dungeon)
 t - a wand of flame (14)
   (You found it on level 7 of the Dungeon)
 v - a wand of digging (3)
   (You found it on level 2 of the Dungeon)
Scrolls
 j - 7 scrolls of teleportation {@r4}
 m - 3 scrolls of amnesia
 r - 4 scrolls of blinking
 w - a scroll of magic mapping
 D - 3 scrolls of fear
 F - 3 scrolls of immolation {unknown}
 K - a scroll of vulnerability {unknown}
 L - a scroll of brand weapon {unknown}
 P - a scroll of enchant weapon {unknown}
 S - a scroll of silence {unknown}
Potions
 f - 10 potions of curing {@q1}
 g - 4 potions of heal wounds {@q2}
 h - a potion of resistance
 k - 5 potions of haste {@q3}
 u - 2 potions of flight
 x - 3 potions of cancellation
 A - a potion of attraction {!q}
 E - a potion of invisibility
 G - a potion of berserk rage
 J - a potion of magic {unknown}
 N - a potion of brilliance {unknown}
 O - a potion of might {unknown}
 Q - a potion of lignification {unknown}


   Skills:
 + Level 8.8 Fighting
 * Level 7.8 Maces & Flails
 + Level 5.0 Armour
 + Level 2.9 Dodging
 - Level 1.7 Stealth
 - Level 4.0 Shields
 + Level 8.4 Spellcasting
 - Level 12.3 Necromancy


You had 11 spell levels left.
You knew the following spells:

 Your Spells              Type           Power      Damage    Failure   Level
a - Pain                  Necr           100%       1d9       1%          1
b - Agony                 Necr           64%        N/A       2%          5
c - Vampiric Draining     Necr           32%        2d10      1%          3
q - Passwall              Tmut/Erth      8%         N/A       19%         2
u - Animate Skeleton      Necr           100%       N/A       1%          1
x - Animate Dead          Necr           32%        N/A       1%          4

Your spell library contained the following spells:

 Spells                   Type           Power      Damage    Failure   Level
 Sublimation of Blood     Necr           32%        N/A       1%          2
 Sandblast                Erth           20%        2d7       13%         1
 Stone Arrow              Conj/Erth      20%        3d8       36%         3
 Summon Guardian Golem    Hex/Summ       10%        N/A       36%         3
 Airstrike                Air            5%         N/A       77%         4
 Animate Armour           Summ/Erth      20%        N/A       77%         4
 Fulminant Prism          Conj/Hex       5%         3d7       77%         4
 Iskenderun's Mystic Bla  Conj/Tloc      10%        2d4       77%         4
 Summon Lightning Spire   Summ/Air       10%        N/A       77%         4
 Lee's Rapid Deconstruct  Erth           5%         3d7*      98%         5
 Lightning Bolt           Conj/Air       5%         1d17      98%         5
 Orb of Destruction       Conj           5%         9d2       100%        7
 Spellforged Servitor     Conj/Summ      5%         N/A       100%        7
 Lehudib's Crystal Spear  Conj/Erth      5%         10d3      100%        8


Dungeon Overview and Level Annotations

Branches:
Dungeon (11/15)            Temple (1/1) D:7            Lair (1/6) D:9
Ossuary (visited)           IceCv (visited)
    Orc: D:9-12

Altars:
Ashenzari
Cheibriados
Dithmenos
Elyvilon
Fedhas
Gozag
Hepliaklqana
Kikubaaqudgha
Makhleb
Nemelex Xobeh
Okawaru
Qazlal
Ru
Sif Muna
Trog
Uskayaw
Vehumet
Wu Jian
Xom
Yredelemnul
Zin
The Shining One

Shops:
D:4 *   D:5 ?   D:7 (:[[*   D:8 (   D:11 [(

Annotations:
D:11 exclusions: door and sensed monster (detected)


Innate Abilities, Weirdness & Mutations

You have a pair of antennae on your head.
You are completely covered in yellow scales. (AC +4, rCorr)
You regenerate health from kills.


Message History

You hit the death yak simulacrum. You block the wolf simulacrum's attack.
The freezing wraith hits you!
* * * LOW HITPOINT WARNING * * *
The freezing wraith freezes you!
* * * LOW HITPOINT WARNING * * *
You block the freezing wraith's attack.
The death yak simulacrum gores you but does no damage.
The polar bear simulacrum bites you but does no damage.
The polar bear simulacrum barely misses you.
You block the polar bear simulacrum's attack.
Your rime drake zombie bites the polar bear simulacrum but does no damage.
Your rime drake zombie bites the freezing wraith but does no damage.
Unknown command.
Unknown command.
The wolf simulacrum barely misses you. You block the freezing wraith's attack.
The freezing wraith misses you.
The wolf simulacrum bites you but does no damage.
The death yak simulacrum completely misses you.
Your rime drake zombie barely misses the polar bear simulacrum.
Your rime drake zombie bites the freezing wraith.
You block the polar bear simulacrum's attack.
The polar bear simulacrum claws you but does no damage.
The polar bear simulacrum barely misses you.
Your rime drake zombie bites the death yak simulacrum but does no damage.
Welcome back to the Lair of Beasts!
Your mindless thralls stay behind.
There is a collapsed entrance here.
Here: a freezing wraith (lightly damaged)
The floor, spattered with blood.
Unknown command.
You closely miss the freezing wraith.
The freezing wraith hits you but does no damage. x2
You hit the freezing wraith but do no damage.
Lightning courses through the freezing wraith!
The freezing wraith barely misses you. x2
You hit the freezing wraith.
The freezing wraith hits you but does no damage.
You block the freezing wraith's attack.
You closely miss the freezing wraith. You block the freezing wraith's attack.
The freezing wraith misses you. The freezing wraith hits you.
* * * LOW HITPOINT WARNING * * *
The freezing wraith freezes you!
* * * LOW HITPOINT WARNING * * *
The freezing wraith hits you but does no damage.
Unknown command.
You hit the freezing wraith but do no damage.
The freezing wraith hits you.
* * * LOW HITPOINT WARNING * * *
The freezing wraith freezes you!!
You die...
Kikubaaqudgha rasps: "You have failed me!
Welcome... death!"

#....# .....# .....# ### ###
.....#####P#### ####.####
..............# #.......# *
....#.........###....<..# *
.....#......^..##.......# **
.###..........###.......# ***
**, ##
###........#W@.......##*,***,*
# #..........#..........,,,,,,
* #........###.......###*,*,,,
* ##.##..### ##...##.# ******
#...### ###.#*## * **###.**
#.# * * *,**#+,** *.# * **
**,,,,,,* *.# * ,*****,,,,,,*
*,* *


You could see a freezing wraith.

Vanquished Creatures
  Gastronok (Lair:1)
  A hydra (D:11)
  An ogre mage (D:11)
  A boulder beetle (D:9)
  2 two-headed ogres
  A deep troll earth mage (D:11)
  A deep elf pyromancer (D:11)
  2 cyclopes
  A black mamba (Lair:1)
  A komodo dragon (D:11)
  3 trolls
  14 yaks
  2 wyverns
  A wraith (D:10)
  A steam dragon (D:9)
  3 vampire mosquitoes (D:9)
  An acid dragon (D:9)
  3 orc warriors
  2 sky beasts
  A black bear (D:4)
  3 ice beasts
  A necrophage (D:4)
  3 ogres (D:5)
  4 centaurs
  2 wolves (D:9)
  2 phantoms
  2 kobold brigands
  A wyvern zombie (D:8)
  2 bullfrogs
  A gnoll sergeant (D:6)
  13 scorpions
  A water moccasin zombie (D:5)
  2 water moccasin skeletons (D:5)
  16 killer bees
  2 howler monkeys
  2 electric eels (D:9)
  6 centaur zombies
  A bullfrog zombie (D:5)
  6 hounds
  A gnoll shaman (D:7)
  3 human zombies (Ossuary)
  A jelly (D:6)
  2 orc priests (D:7)
  A bullfrog skeleton (D:6)
  6 iguanas
  4 scorpion zombies (Ossuary)
  5 orc wizards
  A killer bee zombie (D:7)
  2 howler monkey zombies (D:10)
  3 mummies (Ossuary)
  Robin (D:2)
  A howler monkey skeleton (D:5)
  8 adders
  6 gnolls
  13 white imps
  2 worms
  3 dart slugs
  21 orcs
  11 ball pythons
  11 endoplasms
  6 giant cockroaches
  3 gnoll zombies (Ossuary)
  12 goblins
  8 hobgoblins
  4 jackals
  4 quokkas
  3 bats
  4 frilled lizards
  2 goblin zombies (Ossuary)
  2 hobgoblin zombies (Ossuary)
  17 kobolds
  5 kobold zombies (Ossuary)
  2 orc zombies (Ossuary)
  3 rats
294 creatures vanquished.

Vanquished Creatures (collateral kills)
  3 yaks (Lair:1)
  Menkaure (D:5)
  A hornet zombie (D:6)
  A killer bee (D:9)
  An orc wizard (D:9)
  An adder (D:3)
  3 orcs
  A goblin (D:1)
  A hobgoblin (D:1)
  2 jackals (D:1)
  A quokka (D:1)
  2 ball pythons (D:1)
  2 bats
  A rat (D:1)
21 creatures vanquished.

Vanquished Creatures (others)
  An electric eel (D:9)
  A gnoll (D:6)
  3 fungi (Lair:1)
  3 plants
8 creatures vanquished.

Grand Total: 323 creatures vanquished

Notes
Turn   | Place    | Note
-------+----------+-------------------------------------------
     0 | D:1      | Brozuf the Demonspawn Necromancer began the quest for the
                  | Orb.
     0 | D:1      | Reached XP level 1. HP: 13/13 MP: 3/3
     2 | D:1      | Learned a level 1 spell: Animate Skeleton
   230 | D:1      | Gained mutation: You are partially covered in yellow
                  | scales. (AC +2) [demonic ancestry]
   230 | D:1      | Reached XP level 2. HP: 18/20 MP: 5/5
   436 | D:1      | Reached skill level 1 in Fighting
  1197 | D:1      | Gained mutation: You are mostly covered in yellow scales.
                  | (AC +3) [demonic ancestry]
  1197 | D:1      | Reached XP level 3. HP: 23/26 MP: 2/6
  1560 | D:1      | Found a faded altar of an unknown god.
  1870 | D:2      | Learned a level 3 spell: Vampiric Draining
  2031 | D:2      | Noticed Robin
  2294 | D:2      | Killed Robin
  2295 | D:2      | Reached skill level 5 in Necromancy
  2560 | D:2      | Reached XP level 4. HP: 31/33 MP: 5/8
  3489 | D:3      | Reached XP level 5. HP: 35/38 MP: 1/9
  4075 | D:3      | Found a stormy altar of Qazlal.
  4140 | D:4      | Identified a scroll of acquirement
  4140 | D:4      | Acquired the ring of Nuprev {rN+ MP+9}
  4213 | D:4      | Noticed a phantom
  4306 | D:4      | Reached skill level 6 in Necromancy
  4374 | D:4      | Gained mutation: You regenerate a little health from kills.
                  | [demonic ancestry]
  4374 | D:4      | Reached XP level 6. HP: 39/46 MP: 11/11
  4680 | D:4      | Found Odawn's General Store.
  4695 | D:4      | Bought a scroll of teleportation for 33 gold pieces
  4840 | D:4      | Identified the +7 mace of Insufficient Pleasure {pain, rC++
                  | Will+}
  5166 | D:4      | Noticed an ice beast
  5220 | D:5      | Entered Level 5 of the Dungeon
  5289 | D:5      | Reached skill level 7 in Necromancy
  5293 | D:5      | Noticed Menkaure
  5319 | D:5      | Found a sand-covered staircase.
  5323 | Ossuary  | Entered an ossuary
  5367 | Ossuary  | Gained mutation: You have a pair of small antennae on your
                  | head. [demonic ancestry]
  5367 | Ossuary  | Reached XP level 7. HP: 46/52 MP: 12/12
  5370 | Ossuary  | Reached skill level 1 in Maces & Flails
  6368 | Ossuary  | Reached skill level 8 in Necromancy
  6666 | Ossuary  | Gained mutation: You have a pair of antennae on your head.
                  | [demonic ancestry]
  6666 | Ossuary  | Reached XP level 8. HP: 9/60 MP: 14/14
  7824 | D:5      | Found Riagyor's Magic Scroll Shop.
  7833 | D:5      | Bought a scroll of fear for 45 gold pieces
  7833 | D:5      | Bought a scroll of magic mapping for 45 gold pieces
  8005 | D:5      | Reached skill level 5 in Spellcasting
  8283 | D:5      | Reached skill level 9 in Necromancy
  8329 | D:5      | Learned a level 4 spell: Animate Dead
  8357 | D:5      | Reached skill level 5 in Fighting
  8420 | D:5      | Killed Menkaure
  8425 | D:5      | Identified the +1 ring mail of Divine Compulsion {rPois}
  8840 | D:5      | Gained mutation: You regenerate health from kills. [demonic
                  | ancestry]
  8840 | D:5      | Reached XP level 9. HP: 36/68 MP: 17/17
  9191 | D:5      | Found a sparkling altar of Nemelex Xobeh.
  9639 | D:6      | Found a radiant altar of Vehumet.
  9701 | D:6      | Reached skill level 10 in Necromancy
  9754 | D:6      | Found an iron altar of Okawaru.
  9859 | D:6      | Learned a level 5 spell: Agony
 10278 | D:7      | Noticed a troll
 10464 | D:7      | Found a broken altar of Ashenzari.
 10465 | D:7      | Found a shimmering altar of Xom.
 10467 | D:7      | Found a sacrificial altar of Ru.
 10467 | D:7      | Found a hide-covered altar of Uskayaw.
 10468 | D:7      | Found a shimmering blue altar of Sif Muna.
 10505 | D:7      | Found Sinankov's General Store.
 10574 | D:7      | Bought a potion of heal wounds for 60 gold pieces
 10601 | D:7      | Found a shadowy altar of Dithmenos.
 10648 | D:7      | Found Padakk's Antique Armour Boutique.
 10675 | D:7      | Found Enoh's Armour Emporium.
 10758 | D:7      | Found a blossoming altar of Fedhas.
 11125 | D:7      | Found Haerphos's Weapon Shop.
 11192 | D:7      | Found a staircase to the Ecumenical Temple.
 11199 | Temple   | Entered the Ecumenical Temple
 11423 | Temple   | Became a worshipper of Kikubaaqudgha
 11472 | D:7      | Found Osaaleip's Book Shoppe.
 11690 | D:7      | Killed a troll
 11946 | D:8      | Acquired the +0 pair of boots of Idealism {rF+++ Str-3
                  | Int+5 Stlth-}
 12581 | D:8      | Reached skill level 5 in Maces & Flails
 12968 | D:8      | Found Oclyost's Hydra Hut.
 12969 | D:8      | Noticed a five-headed hydra
 13187 | D:8      | Reached skill level 11 in Necromancy
 13187 | D:8      | Gained mutation: You are completely covered in yellow
                  | scales. (AC +4, rCorr) [demonic ancestry]
 13187 | D:8      | Reached XP level 10. HP: 77/77 MP: 16/19
 13493 | D:9      | Reached skill level 1 in Armour
 13672 | D:9      | Noticed a boulder beetle
 13964 | D:9      | Reached * piety under Kikubaaqudgha
 13964 | D:9      | Received a gift from Kikubaaqudgha
 14112 | D:9      | Found a staircase to the Lair.
 14156 | D:9      | Killed a boulder beetle
 14252 | D:9      | Reached skill level 12 in Necromancy
 14957 | D:9      | Noticed a two-headed ogre
 15323 | D:9      | Killed a two-headed ogre
 15324 | D:9      | Reached XP level 11. HP: 64/85 MP: 21/21
 15854 | D:10     | Entered Level 10 of the Dungeon
 16082 | D:10     | Identified the +2 buckler of Greed {Contam Will++ Str+4
                  | Dex+9}
 16138 | D:10     | Identified the +10 war axe "Iptop" {vorpal, *Corrode rPois
                  | Str+3 Dex+7}
 16176 | D:10     | Reached skill level 1 in Shields
 16649 | D:11     | Found Riompass's Antique Armour Shop.
 16672 | D:11     | Noticed a six-headed hydra
 16691 | D:11     | Killed a six-headed hydra
 16898 | D:11     | Noticed a two-headed ogre
 16912 | D:11     | Killed a two-headed ogre
 17421 | D:11     | Found Cyrph's Weapon Shoppe.
 17558 | D:11     | Reached ** piety under Kikubaaqudgha
 17869 | D:11     | Found a runed translucent door.
 17869 | D:11     | Noticed an ogre mage
 17871 | D:11     | Noticed a deep troll earth mage
 17876 | D:11     | Killed an ogre mage
 18100 | D:11     | Killed a deep troll earth mage
 18188 | D:11     | Noticed a deep elf pyromancer
 18206 | D:11     | Killed a deep elf pyromancer
 18386 | Lair:1   | Entered Level 1 of the Lair of Beasts
 18397 | Lair:1   | Learned a level 2 spell: Passwall
 18410 | Lair:1   | Noticed Gastronok
 18441 | Lair:1   | Reached XP level 12. HP: 94/94 MP: 22/24
 18522 | Lair:1   | Killed Gastronok
 18523 | Lair:1   | Reached skill level 5 in Armour
 18671 | Lair:1   | Found a frozen archway.
 18698 | IceCv    | Entered an ice cave
 18727 | Lair:1   | Mangled by a freezing wraith

Illustrated notes

Levels and vault maps discovered:
D:1:      minmay_arrival_glassed_features, layout_basic,
          dilly_ecumenical_altar_fadedgnrine
D:2:      layout_loops_ring, uniq_robin
D:3:      layout_rooms, mainiacjoe_overflow_surrounded_room
D:4:      layout_loops_ring, serial_shops, nicolae_lakefront_shop
D:5:      layout_cave_pools, nemelex_dance_club_becter,
          lightli_ossuary_entry_decrepit_ruins, serial_shops, shop,
          uniq_menkaure
D:6:      layout_loops_ring, lemuel_doored_altar, fiery_altar_vehumet,
          hangedman_decor_opposing, dk_rats_in_the_wall
D:7:      layout_basic, lemuel_crystal_altar, marbit_many_paths,
          grunt_temple_overflow_open, temple_green, serial_shops, shop_statue,
          shop, nicolae_diamond_shop, nicolae_shop_stone, shop
D:8:      mumra_celtic_spiral_tile, layout_loops_ring, serial_co_window_serial,
          co_window_corner_a, co_window_corner_a, co_window_paths_b,
          co_window_paths_a, co_window_corner_a, co_window_of_opportunity_c,
          co_window_corner_b, co_window_corner_ca, co_window_broadway_c,
          co_window_unsneaky_path_c, co_window_paths_d, glass_columns_a,
          glass_columns_c, glass_columns_a, doesnt_shop_hydraphobe
D:9:      layout_loops_ring, erik_lair_island
D:10:     layout_basic
D:11:     layout_irregular_city, serial_shops, nicolae_shop_window_shopping,
          nicolae_stop_n_shop_2, minivault_13
Temple:   jpeg_temple_island
Lair:1:   layout_roguey, basic_altar, portal_ice_cave_entry_imps,
          uniq_gastronok, uniq_fannar

Skill      XL: |  1  2  3  4  5  6  7  8  9 10 11 12 |
---------------+-------------------------------------+-----
Fighting       | 1 2 3 4 5 6 7 8 |  8.8
Necromancy     | 5 6 7 8 9 11 12 | 12.3
Spellcasting   | 3 4 5 6 7 8 |  8.4
Maces & Flails | 2 3 5 6 7 |  7.8
Armour         | 3 4 5 |  5.0
Shields        | 4 |  4.0
Dodging        | 2 |  2.9
Stealth        | |  1.7

Action                   |  1- 3 |  4- 6 |  7- 9 | 10-12 || total
-------------------------+-------+-------+-------+-------++-------
Melee: Dagger            |    34 |       |       |       ||    34
       Unarmed           |     1 |       |       |       ||     1
       Short sword       |    23 |    67 |   388 |    74 ||   552
       Mace              |       |     9 |   146 |   264 ||   419
       Spear             |       |       |       |     3 ||     3
       Staff             |       |       |       |     1 ||     1
 Cast: Pain              |    62 |    78 |    76 |    29 ||   245
       Animate Skeleton  |    13 |    22 |       |       ||    35
       Vampiric Draining |       |     1 |    23 |    62 ||    86
       Animate Dead      |       |       |    17 |    15 ||    32
       Agony             |       |       |     1 |    12 ||    13
Invok: Receive Corpses   |       |       |       |     4 ||     4
Evoke: Wand              |       |       |     1 |     8 ||     9
  Use: Scroll            |       |     8 |     8 |     2 ||    18
 Stab: Sleeping          |       |       |     5 |       ||     5
       Distracted        |       |       |       |     2 ||     2
Armor: Robe              |    20 |    61 |   164 |       ||   245
       Ring mail         |       |       |    57 |   288 ||   345
Dodge: Dodged            |    53 |    72 |   313 |   233 ||   671
       Repelled          |       |       |       |     9 ||     9
Block: Buckler           |       |       |       |    84 ||    84

Table legend: (Time is in decaauts)
 A = Elapsed time spent in this place.
 B = Non-inter-level travel time spent in this place.
 C = Inter-level travel time spent in this place.
 D = Time resting spent in this place.
 E = Time spent auto-exploring this place.
 F = Levels seen in this place.
 G = Mean time per level.
                   A        B        C        D        E       F      G
               +--------+--------+--------+--------+--------+-----+--------+
         Total |  18893 |  17846 |   1047 |   6337 |   7544 |  15 | 1259.5 |
       Dungeon |  16003 |  14985 |   1018 |   4829 |   7103 |  11 | 1454.8 |
        Temple |    287 |    258 |     29 |      0 |    253 |   1 |  287.0 |
          Lair |    333 |    333 |      0 |    145 |      0 |   1 |  333.0 |
       Ossuary |   2260 |   2260 |      0 |   1363 |    187 |   1 | 2260.0 |
      Ice Cave |      8 |      8 |      0 |      0 |      0 |   1 |    8.0 |
               +--------+--------+--------+--------+--------+-----+--------+

Top non-repeatable levels by time:
 Ossuary: 2260 daAuts
     D:1: 2191 daAuts
     D:8: 1986 daAuts
     D:9: 1751 daAuts
    D:11: 1727 daAuts
     D:4: 1567 daAuts
     D:5: 1418 daAuts
     D:7: 1250 daAuts
     D:6: 1166 daAuts
     D:3: 1137 daAuts
     D:2: 1015 daAuts
    D:10: 790 daAuts
  Lair:1: 333 daAuts
  Temple: 287 daAuts
   IceCv: 8 daAuts
